 Dungeon Crawl Stone Soup version 0.28.0-53-g5a82cb258f (webtiles) character file.

Game seed: 17537044247097751715

838 Zeld the Magician (level 7, -7/36 HPs)
             Began as a Deep Elf Fire Elementalist on May 22, 2022.
             Mangled by an ice beast (14 damage)
             ... on level 4 of the Dungeon.
             The game lasted 00:04:25 (6360 turns).

Zeld the Magician (Deep Elf Fire Elementalist)      Turns: 6360, Time: 00:04:26

Health: -7/36      AC:  2    Str:  5    XL:     7   Next: 67%
Magic:  14/19      EV: 12    Int: 22    God:
Gold:   171        SH:  0    Dex: 15    Spells: 14/20 levels left

rFire   . . .      SeeInvis .   a - +2 dagger (venom)
rCold   . . .      Faith    .   (no shield)
rNeg    . . .      Spirit   .   f - +0 robe
rPois   .          Reflect  .   (no helmet)
rElec   .          Harm     .   (no cloak)
rCorr   .          Rampage  .   (no gloves)
Will    .....                   (no boots)
Stlth   +++.......              (no amulet)
HPRegen 0.12/turn               (no ring)
MPRegen 0.16/turn               (no ring)

@: studying Long Blades
A: no striking features
a: no special abilities


You were on level 4 of the Dungeon.
You visited 1 branch of the dungeon, and saw 5 of its levels.
You also visited: Sewer.

You collected 171 gold pieces.

Inventory:

Hand Weapons
 a - a +2 dagger of venom (weapon)
Armour
 f - a +0 robe (worn)
Wands
 p - a wand of acid (4)
 q - a wand of flame (24)
Scrolls
 c - 3 scrolls of magic mapping {unknown}
 d - 2 scrolls of identify {unknown}
 g - 3 scrolls of teleportation {unknown}
 k - 2 scrolls of fog {unknown}
 m - a scroll of enchant weapon {unknown}
 n - a scroll of amnesia {unknown}
 o - a scroll of brand weapon {unknown}
Potions
 b - a potion of curing {unknown}
 e - 3 potions of cancellation {unknown}
 h - 3 potions of heal wounds {unknown}
 i - 2 potions of haste {unknown}
 j - a potion of invisibility {unknown}
 l - 2 potions of lignification {unknown}
 r - a potion of resistance
 s - a potion of flight {unknown}
 t - a potion of brilliance {unknown}


   Skills:
 - Level 2.4 Dodging
 + Level 4.7 Stealth
 * Level 7.1 Spellcasting
 + Level 3.9 Conjurations
 - Level 2.0 Hexes
 * Level 6.3 Fire Magic


You had 14 spell levels left.
You knew the following spells:

 Your Spells              Type           Power      Damage    Failure   Level
a - Foxfire               Conj/Fire      100%       2x1d9     1%          1
b - Scorch                Fire           70%        2d8       1%          2
c - Inner Flame           Hex/Fire       26%        N/A       4%          3

Your spell library contained the following spells:

 Spells                   Type           Power      Damage    Failure   Level
 Conjure Flame            Conj/Fire      30%        6-21      3%          3
 Dazzling Flash           Conj/Hex       40%        N/A       8%          3
 Flame Wave               Conj/Fire      30%        2d8       10%         4
 Portal Projectile        Hex/Tloc       24%        N/A       16%         3
 Call Canine Familiar     Summ           7%         N/A       24%         3
 Ozocubu's Armour         Ice            7%         N/A       24%         3
 Iskenderun's Mystic Bla  Conj/Tloc      16%        2d5       36%         4
 Leda's Liquefaction      Hex/Erth       6%         N/A       47%         4
 Starburst                Conj/Fire      15%        6d6       83%         6
 Ozocubu's Refrigeration  Ice            3%         4d5       100%        7


Dungeon Overview and Level Annotations

Branches:
Dungeon (5/15)              Sewer (visited)
 Temple: D:4-7

Altars:
Cheibriados
Nemelex Xobeh
The Shining One


Message History

The necrophage's fire resistance burns away.
The necrophage misses you.
Casting: Scorch (safe; 1% risk of failure)
Confirm with . or Enter, or press ? or * to list all spells.
Flames lash the necrophage.
The necrophage is burned terribly!
The necrophage is heavily damaged.
The necrophage hits you.
You feel drained.
A sky beast comes into view.
Casting: Scorch (safe; 1% risk of failure)
Confirm with . or Enter, or press ? or * to list all spells.
Flames lash the necrophage.
The necrophage is burned terribly!
You destroy the necrophage!
Your life force feels restored.
Your Spellcasting skill increases to level 7!
The sky beast flickers out of sight!
Deactivating autopickup; reactivate with Ctrl-A.
The ice beast completely misses you.
The scorpion stings you but does no damage.
A sky beast appears from thin air!
Reactivating autopickup.
The scorpion closely misses you.
The sky beast flickers out of sight!
Deactivating autopickup; reactivate with Ctrl-A.
There is a stone staircase leading up here.
The scorpion closely misses you. The scorpion stings you.
The ice beast hits you. The ice beast freezes you!
You climb upwards.
Reactivating autopickup.
There is a stone staircase leading down here.
Casting: Scorch (safe; 1% risk of failure)
Confirm with . or Enter, or press ? or * to list all spells.
Flames lash the scorpion.
The scorpion is heavily wounded.
The scorpion's fire resistance burns away.
The scorpion stings you.
* * * LOW HITPOINT WARNING * * *
The ice beast hits you.
* * * LOW HITPOINT WARNING * * *
The ice beast freezes you!
You die...

....####### #......#
#.#<# ..........#
#......# #.#.#
....#####.# #......#
#.#.# ....# #.#
#......# #.#.#
....#####.# #......#
#.#.# ....#...#.#
#......# #.#.#
........#.# #......#
#.#.# ..(..)..'.#
####s### #.#.#
........### #@# #.#.#
........##### #Y# #.#.#
............####.#####
#.#.#
.....................#
#.#.#
...............[.....#
#.#.#
.......(.............#
#.#.##
.....................#
#.#...
............####'######
#.#### .....###....#
#......# #.#


You could see an ice beast and a scorpion (combustible).

Vanquished Creatures
  A sky beast (D:4)
  2 necrophages
  A scorpion (D:4)
  A water moccasin skeleton (D:4)
  A howler monkey (D:4)
  A centaur zombie (D:5)
  A centaur skeleton (D:4)
  2 hounds (D:4)
  Ijyb (D:4)
  An iguana (D:4)
  A hound skeleton (D:4)
  5 adders
  8 river rats
  An adder skeleton (D:4)
  A worm (D:3)
  3 dart slugs (D:1)
  5 orcs
  6 endoplasms
  3 giant cockroaches
  7 goblins
  3 hobgoblins (D:1)
  6 jackals
  2 quokkas
  10 ball pythons
  5 bats
  6 frilled lizards
  20 kobolds
  25 rats
129 creatures vanquished.

Vanquished Creatures (collateral kills)
  A foxfire (D:1)
1 creature vanquished.

Vanquished Creatures (others)
  119 foxfires
119 creatures vanquished.

Grand Total: 249 creatures vanquished

Notes
Turn   | Place    | Note
-------+----------+-------------------------------------------
     0 | D:1      | Zeld the Deep Elf Fire Elementalist began the quest for the
                  | Orb.
     0 | D:1      | Reached XP level 1. HP: 10/10 MP: 6/6
   461 | D:1      | Reached XP level 2. HP: 15/15 MP: 4/8
   464 | D:1      | Learned a level 2 spell: Scorch
  1064 | D:1      | Found a faded altar of an unknown god.
  1397 | D:1      | Reached XP level 3. HP: 15/19 MP: 7/10
  1406 | D:1      | Learned a level 3 spell: Inner Flame
  1757 | D:2      | Reached skill level 4 in Spellcasting
  2494 | D:3      | Reached XP level 4. HP: 24/24 MP: 9/12
  2495 | D:3      | Reached skill level 1 in Hexes
  2565 | D:3      | Found a glowing drain.
  2574 | Sewer    | Entered a sewer
  3316 | Sewer    | Reached XP level 5. HP: 28/28 MP: 9/14
  3618 | Sewer    | Reached skill level 5 in Spellcasting
  4168 | D:3      | Found a snail-covered altar of Cheibriados.
  4412 | D:3      | You fall into a shaft and drop 2 floors!
  4412 | D:5      | Entered Level 5 of the Dungeon
  4455 | D:4      | Reached skill level 5 in Fire Magic
  4455 | D:4      | Reached XP level 6. HP: 22/32 MP: 2/16
  4864 | D:3      | Found a glowing golden altar of the Shining One.
  5256 | D:4      | Noticed Ijyb
  5263 | D:4      | Killed Ijyb
  5476 | D:4      | Reached skill level 6 in Spellcasting
  5687 | D:4      | Reached XP level 7. HP: 29/36 MP: 7/18
  6303 | D:5      | Found a sparkling altar of Nemelex Xobeh.
  6345 | D:5      | Reached skill level 7 in Spellcasting
  6360 | D:4      | Mangled by an ice beast

Illustrated notes

Levels and vault maps discovered:
D:1:      dpeg_arrival_subterranean_lakeside_camping, layout_basic,
          shapermc_ecumenical_altar_gd, serial_glass, glass_columns_a,
          glass_columns_b, minmay_unequal
D:2:      layout_loops_cross, chequers_serial_rivers_micro_b,
          minmay_misc_feat_chi
D:3:      layout_loops_ring, slow_altar_1, tso_altar, gup_sewer_entry_bubbles,
          hangedman_abyss_or_decor_stabs
D:4:      layout_basic, uniq_ijyb
D:5:      layout_cave_pods, mainiacjoe_overflow_boulevard

Skill      XL: |  1  2  3  4  5  6  7 |
---------------+----------------------+-----
Spellcasting   | 4 5 6 7 |  7.1
Fire Magic     | 4 5 6 |  6.3
Conjurations   | 2 3 |  3.9
Hexes          | 1 2 |  2.0
Stealth        | 3 4 |  4.7
Dodging        | |  2.4

Action                   |  1- 3 |  4- 6 |  7- 9 || total
-------------------------+-------+-------+-------++-------
Melee: Unarmed           |     4 |       |       ||     4
       Dagger            |    18 |    54 |       ||    72
       Punch             |       |     1 |       ||     1
 Cast: Foxfire           |    76 |     1 |       ||    77
       Scorch            |    12 |    96 |    17 ||   125
 Stab: Sleeping          |     3 |       |       ||     3
Armor: Robe              |     5 |    16 |     1 ||    22
Dodge: Dodged            |    21 |    66 |     5 ||    92
